 Dungeon Crawl Stone Soup version 0.29-a0-559-g359e09b9d1 (console) character file.

Game seed: 17471950324122008836

19 om the Insei (level 2, 0/21 HPs)
             Began as a Demonspawn Transmuter on June 9, 2022.
             Slain by an orc
             ... wielding a +0 hand axe
              (3 damage)
             ... on level 2 of the Dungeon.
             The game lasted 00:02:23 (1122 turns).

om the Insei (Demonspawn Transmuter)                Turns: 1122, Time: 00:02:23

Health: 0/21       AC:  4    Str: 10    XL:     2   Next: 55%
Magic:  5/5        EV: 11    Int: 14    God:
Gold:   14         SH:  0    Dex: 13    Spells: 2/5 levels left

rFire   . . .      SeeInvis .     - Unarmed
rCold   . . .      Faith    .   (no shield)
rNeg    . . .      Spirit   .   k - +0 leather armour
rPois   .          Reflect  .   d - +0 helmet
rElec   .          Harm     .   (no cloak)
rCorr   .          Rampage  .   (no gloves)
Will    .....                   (no boots)
Stlth   +.........              (no amulet)
HPRegen 0.07/turn               (no ring)
MPRegen 0.09/turn               (no ring)

@: no status effects
A: spiny 1
a: no special abilities


You were on level 2 of the Dungeon.
You visited 1 branch of the dungeon, and saw 2 of its levels.

You collected 50 gold pieces.
You spent 36 gold pieces at shops.

Inventory:

Armour
 a - a +0 robe
 d - a +0 helmet (worn)
 k - a +0 leather armour (worn)
Jewellery
 h - an amulet of faith
Scrolls
 c - 3 scrolls of amnesia
 e - a scroll of fog {unknown}
 i - 2 scrolls of immolation {unknown}
Potions
 b - a potion of lignification
 f - a potion of degeneration {unknown}
 j - a potion of flight {unknown}


   Skills:
 + Level 1.1 Fighting
 + Level 1.9 Dodging
 * Level 3.2 Unarmed Combat
 * Level 2.1 Spellcasting
 * Level 2.0 Transmutations


You had 2 spell levels left.
You knew the following spells:

 Your Spells              Type           Power      Damage    Failure   Level
a - Beastly Appendage     Tmut           14%        N/A       14%         1
b - Wereblood             Tmut           7%         N/A       22%         2

Your spell library contained the following spells:

 Spells                   Type           Power      Damage    Failure   Level
 Spider Form              Tmut/Pois      4%         N/A       54%         3
 Ice Form                 Ice/Tmut       4%         N/A       91%         4


Dungeon Overview and Level Annotations

Branches:
Dungeon (2/15)

Altars:

Shops:
D:1 ?


Innate Abilities, Weirdness & Mutations

You are partially covered in sharp spines.


Message History

Things that are here:
a +0 dagger; a goblin corpse You are too injured to fight recklessly!
You barely miss the orc.
The orc is lightly wounded.
The orc hits you with a +0 hand axe.
* * * LOW HITPOINT WARNING * * *
You feel better. The orc closely misses you.
You barely miss the orc. The orc hits you but does no damage.
You hit the orc but do no damage. The orc closely misses you.
You barely miss the orc. The orc closely misses you.
You closely miss the orc. The orc hits you with a +0 hand axe.
You barely miss the orc. The orc barely misses you.
You are too injured to fight recklessly!
You hit the orc but do no damage. The orc barely misses you.
You barely miss the orc. The orc closely misses you.
You hit the orc but do no damage. The orc hits you with a +0 hand axe.
You hit the orc.
The orc is severely wounded.
The orc closely misses you.
You hit the orc.
The orc is almost dead.
You barely miss the orc.
The orc is almost dead.
The orc hits you but does no damage.
You hit the orc but do no damage.
The orc is almost dead.
The orc misses you.
You closely miss the orc.
The orc is almost dead.
The orc hits you with a +0 hand axe.
* * * LOW HITPOINT WARNING * * *
You barely miss the orc.
The orc is almost dead.
The orc hits you but does no damage.
Okay, then.
You hit the orc but do no damage.
The orc is almost dead.
The orc hits you with a +0 hand axe.
You die...

....... ...# .......
.......$# . .......
.......# .. .......
......# ... .......
$....+ ..# ?...... ....
...#
.......####+#.###....#
.....>.@...†..#<.....#
........o...#..###.....
.......................
..###....##.....##.....
. ......##....... ..
.......##........
........+...........
........#.###....### ..
....##


You could see an orc.

Vanquished Creatures
  2 endoplasms (D:1)
  A giant cockroach (D:1)
  2 goblins
  3 hobgoblins
  A quokka (D:1)
  5 ball pythons (D:1)
  A frilled lizard (D:1)
  2 rats
17 creatures vanquished.

Notes
Turn   | Place    | Note
-------+----------+-------------------------------------------
     0 | D:1      | om the Demonspawn Transmuter began the quest for the Orb.
     0 | D:1      | Reached XP level 1. HP: 15/15 MP: 3/3
   185 | D:1      | Reached skill level 3 in Unarmed Combat
   340 | D:1      | Gained mutation: You are partially covered in sharp spines.
                  | [demonic ancestry]
   340 | D:1      | Reached XP level 2. HP: 15/21 MP: 3/5
   457 | D:1      | Found Nuckairick's Magic Scroll Shop.
   467 | D:1      | Bought a scroll of identify for 24 gold pieces
   694 | D:1      | Bought a scroll of noise for 12 gold pieces
  1063 | D:1      | Learned a level 2 spell: Wereblood
  1122 | D:2      | Slain by an orc

Illustrated notes

Levels and vault maps discovered:
D:1:      lightli_arrival_statuegarden, layout_basic, serial_shops,
          nicolae_shop_temple_entry_statues_fountains, moated_statue
D:2:      layout_basic, basic_ecumenical_altar

Skill      XL: |  1  2 |
---------------+-------+-----
Unarmed Combat | 3 |  3.2
Transmutations | 2 |  2.0
Fighting       | |  1.1
Dodging        | |  1.9
Spellcasting   | |  2.1

Action                   || total
-------------------------++-------
Melee: Unarmed           ||    55
       Kick              ||    10
       Headbutt          ||     3
 Cast: Beastly Appendage ||    15
  Use: Scroll            ||     2
       Potion            ||     1
Armor: Robe              ||     1
       Leather armour    ||     4
Dodge: Dodged            ||    34

Table legend: (Time is in decaauts)
 A = Elapsed time spent in this place.
 B = Non-inter-level travel time spent in this place.
 C = Inter-level travel time spent in this place.
 D = Time resting spent in this place.
 E = Time spent auto-exploring this place.
 F = Levels seen in this place.
 G = Mean time per level.
                   A        B        C        D        E       F      G
               +--------+--------+--------+--------+--------+-----+--------+
         Total |   1119 |   1042 |     77 |      0 |    857 |   2 |  559.5 |
       Dungeon |   1119 |   1042 |     77 |      0 |    857 |   2 |  559.5 |
               +--------+--------+--------+--------+--------+-----+--------+

Top non-repeatable levels by time:
     D:1: 1078 daAuts
     D:2: 40 daAuts
